 Dungeon Crawl Stone Soup version 0.13.0-25-g43d4df3 (webtiles) character file.

8896 Malachi the Severer (level 11, -3/91 HPs)
             Began as a Deep Dwarf Berserker on Oct 27, 2013.
             Was an Elder of Trog.
             Slain by a 12-headed hydra (4 damage)
             ... on Level 11 of the Dungeon.
             The game lasted 00:19:20 (7682 turns).

Malachi the Severer (Deep Dwarf Berserker)          Turns: 7682, Time: 00:19:21

HP  -3/91        AC 16     Str 24      XL: 11   Next:  9%
MP   3/3         EV  5     Int  8      God: Trog [****..]
Gold 457         SH  0     Dex 12      Spells:  0 memorised, 10 levels left

Res.Fire  : . . .   See Invis. : .   S - +1,+5 dwarf executioner's axe (antimagic)
Res.Cold  : . . .   Warding    : .   G - +1 dwarf plate armour
Life Prot.: . . .   Conserve   : .   (no shield)
Res.Poison: +       Res.Corr.  : .   C - +0 helmet
Res.Elec. : .       Clarity    : .   p - +0 cloak {rPois}
Sust.Abil.: . .     Spirit.Shd : .   e - -1 pair of gauntlets
Res.Mut.  : .       Stasis     : .   (no boots)
Res.Rott. : .       Flight     : .   (no amulet)
Saprovore : . . .                    (no ring)
                                     (no ring)

@: non-regenerating, exhausted, slowed, very slow, quite resistant to hostile
enchantments, extremely unstealthy
A: damage resistance, recharge devices, sense surroundings 2, slow healing 3
a: Device Recharging, Burn Spellbooks, Berserk, Trog's Hand, Brothers in Arms,
Renounce Religion


You were on level 11 of the Dungeon.
You worshipped Trog.
Trog was greatly pleased with you.
You were not hungry.

You visited 1 branch of the dungeon, and saw 11 of its levels.

You collected 489 gold pieces.
You spent 52 gold pieces at shops.

Inventory:

Hand weapons
 a - a +0,+1 dwarven hand axe {=f}
 u - a +2,+3 battleaxe
 S - a +1,+5 dwarven anti-magic executioner's axe (weapon)
Missiles
 K - a throwing net (quivered)
 R - 8 needles of slowing
Armour
 b - a +0 animal skin
 e - a -1 pair of gauntlets (worn)
 p - a +0 cloak of poison resistance (worn)
 C - a +0 helmet (worn)
 F - the +0 robe "Hecvoz" {Str+2 Dex+3}
   (You found it on level 7 of the Dungeon)

   It affects your strength (+2).
   It affects your dexterity (+3).
 G - a +1 dwarven plate armour (worn)
Magical devices
 c - a wand of heal wounds (4)
 h - a wand of draining (6) {unknown}
 k - a wand of digging (10) {unknown}
 o - a wand of polymorph (15) {unknown}
 q - a wand of paralysis (8) {unknown}
 w - a wand of disintegration (11) {unknown}
 D - a wand of cold (9) {unknown}
 I - a wand of draining (6) {unknown}
 O - a wand of digging (12) {unknown}
 U - a wand of magic darts (12) {unknown}
Comestibles
 d - a bread ration
 J - 6 royal jellies
Scrolls
 f - 8 scrolls of remove curse
 g - 4 scrolls of identify
 i - 3 scrolls of magic mapping
 l - 5 scrolls of teleportation
 r - 2 scrolls of amnesia
 s - a scroll of blinking
 x - 3 scrolls of fog
 y - 2 scrolls of noise
 A - 3 scrolls of enchant weapon II
 B - a scroll of fear
 L - a scroll of curse jewellery {unknown}
 N - a scroll of summoning {unknown}
Jewellery
 P - an uncursed ring of magical power {unknown}
 T - an uncursed amulet of rage {unknown}
 W - an uncursed ring of protection from magic {unknown}
Potions
 j - 3 potions of curing
 m - 4 potions of heal wounds
 n - 2 potions of might
 t - a potion of resistance
 v - a potion of restore abilities
 z - a potion of invisibility
 H - a potion of berserk rage
 M - a potion of decay {unknown}
 Q - a potion of speed {unknown}
Magical staves
 E - an uncursed staff of cold {unknown}


   Skills:
 - Level 2.6 Fighting
 * Level 17.5 Axes
 - Level 2.1 Armour
 - Level 2.1 Dodging
 - Level 1.3 Stealth
 - Level 0.8 Evocations


You had 10 spell levels left.
You didn't know any spells.

Dungeon Overview and Level Annotations

Branches:
Dungeon (11/27)            Temple (0/1) D:7             Orc (0/4) D:7
   Lair (0/8) D:10

Altars:
Trog

Shops:
D:6 *   D:11 !


Innate Abilities, Weirdness & Mutations

You are resistant to damage.
You can recharge devices by infusing magical energy.
You passively map the area around you.
You do not heal naturally.


Message History

* * * LOW HITPOINT WARNING * * *
The 11-headed hydra bites you but does no damage.
The 11-headed hydra barely misses you.
The 11-headed hydra bites you but does no damage.
The 11-headed hydra bites you!
* * * LOW HITPOINT WARNING * * *
The 11-headed hydra bites you.
* * * LOW HITPOINT WARNING * * *
You chop one of the 11-headed hydra's heads off!
The ten-headed hydra grows two more!
You slash the 12-headed hydra!
The 12-headed hydra is almost dead.
You are no longer berserk.
Trog's vigour flows through your veins.
You are exhausted.
You feel yourself slow down.
The 12-headed hydra bites you but does no damage.
The 12-headed hydra bites you.
* * * LOW HITPOINT WARNING * * *
The 12-headed hydra bites you but does no damage.
The 12-headed hydra bites you.
You die...

#...............<
#..##########.##
### #..#### #..
#.....# , * , #..
#.###.# ## **
####.. #.# #.#
,,.. ,.. .....
#.# #.# ,.# * #.
#..
#.###.#####..#
##.####..
##......BD@...#
#....$#..
#........###.##
#.....#..
#...##....## #
#.....#..
#..........#.##*
#........
#...#...........
*#.....#..
#.....###.##.##
###<###.. #..#..#
*....# #.# #..
#..#..#* .### #.#
#.. #..#......#
#.###..


You could see a 12-headed hydra and a goliath beetle.

Vanquished Creatures
  3 deep trolls (D:11)
  A hill giant (D:9)
  An item mimic (D:10)
  3 trolls
  A basilisk (D:11)
  5 ugly things (D:11)
  3 hungry ghosts
  A shark (D:11)
  A necrophage (D:8)
  The ghost of Malachi the Chopper, an average DDBe of Trog (D:3)
  2 phantoms (D:9)
  2 black bears
  An ice beast (D:10)
  3 ogres
  A crocodile (D:9)
  2 centaurs
  3 giant frogs
  3 big kobolds
  A cyclops skeleton (D:8)
  2 jellyfish (D:11)
  An eye of draining (D:10)
  9 killer bees (D:10)
  5 electric eels (D:11)
  5 wights (D:8)
  2 centaur zombies
  5 jellies
  2 goliath beetles
  5 crimson imps
  Crazy Yiuf (D:2)
  An iguana (D:7)
  A centaur skeleton (D:10)
  A two-headed ogre skeleton (D:10)
  6 worker ants
  4 hounds
  3 scorpions
  A big fish (D:11)
  5 orc wizards
  2 ogre zombies
  A mummy (D:6)
  A worker ant zombie (D:9)
  12 gnolls
  9 adders
  A worm zombie (D:9)
  5 worms
  A giant eyeball (D:7)
  8 giant geckos
  8 oozes
  31 orcs
  6 giant cockroaches
  9 hobgoblins
  28 kobolds
  15 bats
  5 giant newts
  13 goblins
  2 kobold skeletons (D:4)
  A kobold zombie (D:5)
  An orc skeleton (D:4)
  2 quokkas
  14 rats
  A rat skeleton (D:5)
273 creatures vanquished.

Vanquished Creatures (others)
  A wizard (D:7)
1 creature vanquished.

Grand Total: 274 creatures vanquished

Notes
Turn   | Place    | Note
--------------------------------------------------------------
     0 | D:1      | Malachi, the Deep Dwarf Berserker, began the quest for the Orb.
     0 | D:1      | Reached XP level 1. HP: 21/21 MP: 0/0
   352 | D:1      | Reached XP level 2. HP: 25/28 MP: 1/1
   377 | D:1      | Reached skill level 4 in Axes
   451 | D:1      | Acquired Trog's second power
   821 | D:2      | Reached XP level 3. HP: 34/34 MP: 2/2
   957 | D:2      | Reached skill level 1 in Stealth
   981 | D:2      | Noticed Crazy Yiuf
   988 | D:2      | Killed Crazy Yiuf
   988 | D:2      | Reached skill level 5 in Axes
  1289 | D:2      | Reached XP level 4. HP: 37/43 MP: 3/3
  1423 | D:3      | Noticed Malachi's ghost (average DDBe)
  1435 | D:3      | Killed Malachi's ghost
  1435 | D:3      | Reached skill level 6 in Axes
  1435 | D:3      | Reached XP level 5. HP: 49/49 MP: 4/4
  1652 | D:3      | Reached skill level 7 in Axes
  1891 | D:3      | Reached XP level 6. HP: 40/56 MP: 5/5
  2169 | D:4      | Reached skill level 8 in Axes
  2172 | D:4      | Acquired Trog's third power
  2737 | D:5      | Entered Level 5 of the Dungeon
  2773 | D:5      | Reached XP level 7. HP: 61/63 MP: 6/6
  3022 | D:5      | Reached skill level 9 in Axes
  3459 | D:6      | Reached skill level 10 in Axes
  3652 | D:6      | Found Psing's Elemental Accessories.
  4104 | D:7      | Got a heavily jewelled robe
  4117 | D:7      | Identified the +0 robe "Hecvoz" {Str+2 Dex+3} (You found it on level 7 of the Dungeon)
  4230 | D:7      | Reached XP level 8. HP: 70/70 MP: 7/7
  4263 | D:7      | Found a staircase to the Ecumenical Temple.
  4362 | D:7      | Found a staircase to the Orcish Mines.
  4386 | D:7      | Reached skill level 11 in Axes
  4448 | D:7      | Found a bloodstained altar of Trog.
  4448 | D:7      | Noticed a wizard
  4455 | D:7      | Killed a wizard
  4848 | D:8      | Reached skill level 12 in Axes
  5470 | D:8      | Gained mutation: You passively map the area around you. [level up]
  5470 | D:8      | Reached XP level 9. HP: 52/76 MP: 8/8
  5526 | D:8      | Reached skill level 13 in Axes
  5656 | D:9      | Noticed a hill giant
  5661 | D:9      | Killed a hill giant
  5832 | D:9      | Reached skill level 14 in Axes
  6351 | D:10     | Entered Level 10 of the Dungeon
  6416 | D:10     | Reached skill level 15 in Axes
  6431 | D:10     | Reached XP level 10. HP: 67/85 MP: 9/9
  6558 | D:10     | Found a staircase to the Lair.
  7132 | D:11     | Reached skill level 16 in Axes
  7169 | D:11     | Noticed a deep troll
  7169 | D:11     | Noticed a deep troll
  7169 | D:11     | Noticed a deep troll
  7179 | D:11     | Killed a deep troll
  7185 | D:11     | Killed a deep troll
  7193 | D:11     | Killed a deep troll
  7193 | D:11     | Reached skill level 17 in Axes
  7216 | D:11     | Received a gift from Trog
  7502 | D:11     | Reached XP level 11. HP: 61/91 MP: 3/11
  7608 | D:11     | Found Gewety's Distillery.
  7612 | D:11     | Bought a potion of curing for 26 gold pieces
  7612 | D:11     | Bought a potion of curing for 26 gold pieces
  7650 | D:11     | Noticed a four-headed hydra
  7681 | D:11     | HP: 5/136 [11-headed hydra (4)]
  7682 | D:11     | HP: 1/91 [12-headed hydra (3)]
  7682 | D:11     | Slain by a 12-headed hydra

Action                   |  1- 3 |  4- 6 |  7- 9 | 10-12 || total
-------------------------+-------+-------+-------+-------++-------
Melee: Hand axe          |    79 |   183 |   290 |       ||   552
       Battleaxe         |       |       |   148 |   130 ||   278
       Executioner's axe |       |       |       |    78 ||    78
Invok: Trog's Hand       |     1 |     3 |     8 |     7 ||    19
       Berserk           |     1 |     6 |     9 |     4 ||    20
Evoke: Wand              |       |       |       |     3 ||     3
  Use: Scroll            |       |     2 |    18 |       ||    20
       Potion            |       |       |     2 |     1 ||     3
 Stab: Sleeping          |     1 |       |       |       ||     1
